 Dungeon Crawl Stone Soup version 0.30.1-9-gdf580d7c3d (webtiles) character file.

Game seed: 8757347561805434442

14424 arthad the Slicer (level 12, -2/79 HPs)
             Began as a Kobold Berserker on Oct 4, 2023.
             Was a High Priest of Trog.
             Constricted to death by Jorgrun (7 damage)
             ... on level 12 of the Dungeon on Oct 6, 2023.
             The game lasted 00:29:20 (11884 turns).

arthad the Slicer (Kobold Berserker)               Turns: 11884, Time: 00:29:20

Health: -2/79      AC:  8    Str: 15      XL:     12   Next: 45%
Magic:  12/12      EV: 19    Int:  9      God:    Trog [*****.]
Gold:   336        SH:  0    Dex: 19 (20) Spells: 11/11 levels left

rFire   + . .        V - +0 rapier (elec)
rCold   + . .        (no shield)
rNeg    + . .        F - +1 leather armour of Marbles {-Cast rPois rN+ Dex+2}
rPois   +            (no helmet)
rElec   .            g - scarf {shadows}
rCorr   .            (no gloves)
SInv    .            q - +2 pair of boots
Will    .....        s - amulet of regeneration
Stlth   +++++        f - ring of protection from cold
HPRegen 1.13/turn    H - ring of protection from fire
MPRegen 0.13/turn

%: no spellcasting
@: lethally poisoned (-2 -> -5), grasped by roots, constricted
A: small, no large weapons, nightstalker 3
a: Renounce Religion, Berserk, Trog's Hand, Brothers in Arms


You were on level 12 of the Dungeon.
You worshipped Trog.
Trog was extremely pleased with you.
You visited 1 branch of the dungeon, and saw 12 of its levels.

You collected 770 gold pieces.
You spent 434 gold pieces at shops.

Inventory:

Hand Weapons
 a - a +0 short sword
 u - a +2 dagger of draining
 K - a +0 rapier of draining
 L - a +3 rapier of protection
 N - a +3 quick blade
 Q - a +3 dagger
 T - the +1 sling of Eternal Night {freeze, Will+ Str+6 Int+3 Dex-4}
   (You found it on level 10 of the Dungeon)

   Str:       It affects your strength (+6).
   Int:       It affects your intelligence (+3).
   Dex:       It affects your dexterity (-4).
   Will:      It increases your willpower.
 V - a +0 rapier of electrocution (weapon)
Missiles
 d - 27 poisoned darts (quivered)
 y - 2 throwing nets
 C - 6 boomerangs
 P - 4 curare-tipped darts
Armour
 b - a +0 animal skin
 g - a scarf of shadows (worn)
 q - a +2 pair of boots (worn)
 w - a +0 buckler
 A - the +2 plate armour "Guralaw" {Drain rPois rCorr Int+2}
   (You took it off a goblin on level 4 of the Dungeon)

   Int:       It affects your intelligence (+2).
   rPois:     It protects you from poison.
   rCorr:     It protects you from acid and corrosion.
   Drain:     It drains your maximum health when unequipped.
 B - a +0 kite shield
 F - the +1 leather armour of Marbles (worn) {-Cast rPois rN+ Dex+2}
   (You found it on level 6 of the Dungeon)

   Dex:       It affects your dexterity (+2).
   rPois:     It protects you from poison.
   rN:        It protects you from negative energy.
   -Cast:     It prevents spellcasting.
 X - +0 acid dragon scales
Jewellery
 f - a ring of protection from cold (left hand)
 n - a ring of protection from cold
 s - an amulet of regeneration (around neck)
 H - a ring of protection from fire (right hand)
 R - a ring of flight
 W - a ring of ice
Wands
 e - a wand of flame (3)
 J - a wand of polymorph (12)
 M - a wand of charming (5)
 S - a wand of light (9)
Scrolls
 h - 9 scrolls of teleportation
 j - 3 scrolls of fog
 l - 3 scrolls of vulnerability
 m - a scroll of fear
 p - 3 scrolls of immolation
 v - 2 scrolls of magic mapping
 x - a scroll of silence
 D - a scroll of blinking
 O - 2 scrolls of poison {unknown}
 U - a scroll of enchant armour {unknown}
Potions
 c - 11 potions of curing
 i - 2 potions of ambrosia {unknown}
 k - 4 potions of heal wounds
 o - 7 potions of brilliance
 r - 3 potions of magic
 t - 2 potions of haste {unknown}
 z - a potion of might {unknown}
 E - 2 potions of mutation {unknown}
 G - a potion of degeneration {unknown}
 I - 2 potions of lignification {unknown}


   Skills:
 * Level 10.6 Fighting
 * Level 12.6 Short Blades
 + Level 4.9 Throwing
 + Level 5.6 Armour
 * Level 11.2 Dodging
 + Level 9.0 Stealth
 + Level 5.4 Evocations


You had 11 spell levels left.
You didn't know any spells.
Your spell library contained the following spells:

 Spells                   Type           Power      Damage    Failure   Level
 Kiss of Death            Conj/Necr      0%         2d5       43%         1
 Slow                     Hex            0%         N/A       43%         1
 Confusing Touch          Hex            0%         N/A       82%         3
 Vampiric Draining        Necr           0%         2d6       82%         3
 Vhi's Electric Charge    Tloc/Air       0%         N/A       82%         3
 Animate Dead             Necr           0%         N/A       99%         4
 Dispel Undead            Necr           0%         3d6       99%         4
 Petrify                  Tmut/Erth      0%         N/A       99%         4
 Arcjolt                  Conj/Air       0%         1d10      100%        5
 Borgnjor's Vile Clutch   Necr/Erth      0%         N/A       100%        5
 Metabolic Englaciation   Hex/Ice        0%         N/A       100%        5
 Death Channel            Necr           0%         N/A       100%        6
 Plasma Beam              Fire/Air       0%         2x1d11    100%        6
 Statue Form              Tmut/Erth      0%         N/A       100%        6


Dungeon Overview and Level Annotations

Branches:
Dungeon (12/15)            Temple (0/1) D:4            Lair (0/5) D:8
    Orc (0/2) D:11

Altars:
Cheibriados
Dithmenos
Ru
Sif Muna
Trog
Wu Jian
Xom
Zin

Shops:
D:8 ([[((   D:9 ?   D:10 [

Portals:
Trove: D:11 (give 6 scrolls of blinking)

Annotations:
D:8 2 transporters
D:12 Jorgrun


Innate Abilities, Weirdness & Mutations

You are small and have problems with some larger weapons.
You are completely attuned to the shadows.


Message History

You puncture Jorgrun!
Jorgrun is almost dead.
Jorgrun points at you and mumbles some strange words.
You struggle to resist.
The kobold demonologist looks braver for a moment.
You barely miss Jorgrun.
Jorgrun is almost dead.
You hit Jorgrun.
Jorgrun is almost dead.
Jorgrun casts a spell next to you.
The wall shatters!
The blast of rock fragments hits you!!
You are too injured to fight recklessly!
Okay, then.
You feel much better.
The kobold demonologist gestures wildly while chanting.
Jorgrun casts a spell at you. The iron shot hits you!!!
Ouch! That really hurt!
* * * LOW HITPOINT WARNING * * *
The kobold brigand throws a poisoned dart.
The poisoned dart misses Jorgrun.
The poisoned dart misses you.
You feel much better.
Jorgrun points at you and mumbles some strange words.
Roots burst forth from the earth!
The grasping roots grab you! The grasping roots constrict you!
* * * LOW HITPOINT WARNING * * *
You feel much better.
The sixfirhy disappears in a puff of smoke!
The kobold brigand throws a poisoned dart.
The poisoned dart closely misses the kobold demonologist.
The poisoned dart closely misses Jorgrun.
The poisoned dart hits you!
You are poisoned.
Jorgrun casts a spell next to you.
The wall shatters!
The blast of rock fragments hits you!!!
Ouch! That really hurt!
* * * LOW HITPOINT WARNING * * *
The grasping roots constrict you!
You die...

#.## #...
#############)###
#...............#
#.###########.#..
##.##K #.# #....
..... ##.# #.###
#4K###@.# #.#
#.<4Kg..# #.#
##.#K#### #.#
#5K§ #.### ####
#...# ###.# #.#
#.# #.# #.# #.#
#.#


You could see Jorgrun, an orange demon (summoned), a kobold demonologist, a
kobold brigand (blind) and a kobold.

Vanquished Creatures
  A boulder beetle (D:11)
  A two-headed ogre (D:8)
  Urug (D:11)
  A cyclops (D:11)
  A gargoyle (D:11)
  An unseen horror (D:11)
  5 kobold demonologists
  4 trolls
  A hornet (D:9)
  A wyvern (D:9)
  3 wraiths
  16 yaks
  3 steam dragons
  4 vampire mosquitoes (D:8)
  2 water moccasins
  2 acid dragons
  5 orc warriors
  A sky beast (D:7)
  4 black bears
  2 ice beasts
  An ogre (D:5)
  A phantom (D:4)
  3 wolves (D:8)
  4 kobold brigands
  5 bullfrogs
  4 gnoll sergeants
  3 scorpions
  11 wights
  8 killer bees
  3 howler monkeys
  5 electric eels (D:8)
  2 jellies
  A sleepcap (D:4)
  6 hounds
  4 gnoll boudas
  6 orc priests
  5 iguanas
  Natasha (thrice) (D:3)
  9 orc wizards
  33 gnolls
  9 adders
  A shadow imp (D:5)
  A white imp (D:7)
  2 worms (D:2)
  3 dart slugs
  29 orcs
  8 endoplasms
  4 giant cockroaches
  8 goblins
  8 hobgoblins
  11 jackals
  6 quokkas
  7 ball pythons
  5 bats
  5 frilled lizards
  27 kobolds
  5 rats
315 creatures vanquished.

Vanquished Creatures (others)
  An angel (D:6)
1 creature vanquished.

Grand Total: 316 creatures vanquished

Notes
Turn   | Place    | Note
-------+----------+-------------------------------------------
     0 | D:1      | arthad the Kobold Berserker began the quest for the Orb.
     0 | D:1      | Reached XP level 1. HP: 14/14 MP: 1/1
   256 | D:1      | Reached XP level 2. HP: 17/19 MP: 2/2
   464 | D:1      | Reached skill level 1 in Stealth
   513 | D:1      | Reached XP level 3. HP: 23/23 MP: 3/3
   605 | D:1      | Reached ** piety under Trog
  1188 | D:2      | Reached XP level 4. HP: 29/29 MP: 4/4
  1698 | D:3      | Noticed Natasha
  1718 | D:3      | Killed Natasha
  1720 | D:3      | Reached XP level 5. HP: 18/33 MP: 5/5
  1935 | D:3      | Noticed Natasha
  1954 | D:3      | Killed Natasha
  1955 | D:3      | Reached skill level 5 in Short Blades
  2143 | D:3      | Noticed Natasha
  2153 | D:3      | Killed Natasha
  2675 | D:3      | Found a large runed translucent door.
  2676 | D:3      | Found a large runed translucent door.
  2773 | D:3      | Found a snail-covered altar of Cheibriados.
  2784 | D:3      | Found a bloodstained altar of Trog.
  2852 | D:4      | Reached XP level 6. HP: 39/39 MP: 6/6
  2855 | D:4      | Found a shimmering blue altar of Sif Muna.
  3197 | D:4      | Found a staircase to the Ecumenical Temple.
  3230 | D:4      | Noticed a black bear
  3240 | D:4      | Killed a black bear
  3322 | D:4      | Reached skill level 5 in Fighting
  3322 | D:4      | Reached skill level 6 in Short Blades
  3322 | D:4      | Reached XP level 7. HP: 39/44 MP: 7/7
  3802 | D:5      | Entered Level 5 of the Dungeon
  3852 | D:5      | Noticed a water moccasin
  4003 | D:5      | Reached skill level 5 in Dodging
  4044 | D:5      | Reached *** piety under Trog
  4238 | D:5      | Killed a water moccasin
  4239 | D:5      | Reached XP level 8. HP: 51/51 MP: 8/8
  4292 | D:5      | Reached skill level 7 in Short Blades
  4760 | D:4      | Identified the +2 plate armour "Guralaw" {Drain rPois rCorr
                  | Int+2}
  4973 | D:5      | Reached skill level 8 in Short Blades
  4973 | D:5      | Reached XP level 9. HP: 56/56 MP: 9/9
  5184 | D:5      | Reached skill level 5 in Stealth
  5455 | D:6      | Noticed a troll
  5470 | D:6      | Killed a troll
  5523 | D:6      | Found a sacrificial altar of Ru.
  5569 | D:6      | Killed an angel
  5634 | D:6      | Reached **** piety under Trog
  5635 | D:6      | Reached skill level 9 in Short Blades
  6013 | D:6      | Found a glowing silver altar of Zin.
  6074 | D:6      | Found a shimmering altar of Xom.
  6125 | D:6      | Identified the +1 leather armour of Marbles {-Cast rPois
                  | rN+ Dex+2}
  6479 | D:7      | Reached XP level 10. HP: 64/64 MP: 10/10
  6529 | D:7      | Reached skill level 1 in Evocations
  6655 | D:7      | Reached skill level 1 in Throwing
  7402 | D:8      | Found Pirghid's Antique Armour Shop.
  7589 | D:8      | Reached skill level 10 in Short Blades
  7722 | D:8      | Found Avvet's Weapon Shop.
  7733 | D:8      | Reached ***** piety under Trog
  7829 | D:8      | Found Qubimnei's Antique Weapon Boutique.
  7834 | D:8      | Bought a glowing rapier for 217 gold pieces
  7834 | D:8      | Bought a runed rapier for 217 gold pieces
  8163 | D:8      | Found a transporter.
  8175 | D:8      | Found a transporter.
  8194 | D:8      | Noticed a two-headed ogre
  8205 | D:8      | Killed a two-headed ogre
  8206 | D:8      | Reached XP level 11. HP: 69/71 MP: 11/11
  8250 | D:8      | Found a staircase to the Lair.
  8322 | D:8      | Found Waesmeu's Armour Shop.
  8487 | D:8      | Found Dienaf's Weapon Boutique.
  8709 | D:9      | Reached skill level 11 in Short Blades
  9057 | D:9      | Reached skill level 10 in Dodging
  9226 | D:9      | Reached skill level 5 in Armour
  9313 | D:9      | Found a shadowy altar of Dithmenos.
  9890 | D:9      | Found Yreidd's Magic Scroll Emporium.
  9971 | D:10     | Entered Level 10 of the Dungeon
 10092 | D:10     | Found an ornate altar of the Wu Jian Council.
 10279 | D:10     | Received a gift from Trog
 10314 | D:10     | Found Ahipru's Armour Shop.
 10425 | D:10     | Reached skill level 10 in Fighting
 10696 | D:10     | Identified the +1 sling of Eternal Night {freeze, Will+
                  | Str+6 Int+3 Dex-4}
 10950 | D:11     | Reached skill level 12 in Short Blades
 10950 | D:11     | Reached XP level 12. HP: 72/77 MP: 12/12
 10975 | D:11     | Noticed Urug
 10986 | D:11     | Killed Urug
 11022 | D:11     | Found a portal to a secret trove of treasure.
 11239 | D:11     | Reached skill level 5 in Evocations
 11398 | D:11     | Found a staircase to the Orcish Mines.
 11482 | D:11     | Noticed a boulder beetle
 11517 | D:11     | Killed a boulder beetle
 11863 | D:12     | Noticed Jorgrun
 11869 | D:12     | Noticed a sixfirhy
 11884 | D:12     | Constricted to death by Jorgrun

Illustrated notes

Levels and vault maps discovered:
D:1:      dpeg_arrival_windows_large_door, layout_loops_ring,
          corexii_leaking_fountain, chequers_serial_rivers_micro_b
D:2:      layout_rooms
D:3:      layout_basic, jmf_multi_god_temple2, uniq_natasha
D:4:      layout_loops_ring, mainiacjoe_overflow_cross_hatched,
          minmay_temple_entry_offerings
D:5:      layout_cave_pools, serial_gnoll_camp, gnoll_camp_medium_02,
          gnoll_camp_mini_basic, gnoll_camp_mini_house, gnoll_camp_mini_basic,
          ebering_dispersal_statue_hall, chequers_serial_rivers_micro_e,
          kennysheep_generic_room_4
D:6:      layout_basic, nicolae_ru_great_annihilating_truth,
          grunt_temple_overflow_order_and_chaos_1
D:7:      layout_basic, minmay_between
D:8:      layout_rooms, erik_lair_island, gammafunk_ghost_wrathful_warriors,
          serial_shops, nicolae_shop_just_a_little_nook,
          nicolae_shop_tiny_real_fake_doors, shop, shop,
          nicolae_shop_temple_entry_statues_fountains
D:9:      layout_gridville, nicolae_overflow_crystal_walls, serial_shops,
          nicolae_shop_stone
D:10:     layout_gridville, nicolae_wu_jian_glorious_leap, serial_shops,
          nicolae_diamond_shop
D:11:     wad_pebble_path, layout_loops_cross, david_orc_3, serial_glass,
          glass_columns_b, glass_columns_a, glass_columns_b, glass_columns_b,
          glass_columns_a, glass_columns_b, glass_columns_b, glass_columns_a,
          glass_columns_a, glass_columns_a, nicolae_trove_entry_isolated,
          uniq_urug
D:12:     layout_loops_ring, uniq_psyche, uniq_maurice, uniq_jorgrun

Skill      XL: |  1  2  3  4  5  6  7  8  9 10 11 12 |
---------------+-------------------------------------+-----
Stealth        | 1 2 3 4 6 7 8 9 |  9.0
Dodging        | 3 4 5 6 8 9 10 11 | 11.2
Fighting       | 4 5 6 7 9 10 | 10.6
Armour         | 2 3 4 5 |  5.6
Short Blades   | 5 6 8 9 10 12 | 12.6
Evocations     | 3 4 5 |  5.4
Throwing       | 3 4 |  4.9

Action                     |  1- 3 |  4- 6 |  7- 9 | 10-12 || total
---------------------------+-------+-------+-------+-------++-------
  Melee: Short sword       |   120 |   148 |       |       ||   268
         Punch             |     1 |     1 |     3 |     8 ||    13
         Dagger            |       |    30 |   562 |   169 ||   761
         Rapier            |       |       |       |   599 ||   599
  Throw: Dart              |       |       |    13 |    12 ||    25
 Invoke: Berserk           |     1 |     3 |     1 |     1 ||     6
         Trog's Hand       |       |     2 |     1 |     1 ||     4
         Brothers in Arms  |       |       |       |     1 ||     1
  Evoke: Wand              |       |       |       |    11 ||    11
    Use: Potion            |       |     3 |       |     4 ||     7
         Scroll            |       |       |     8 |     3 ||    11
   Stab: Sleeping          |    11 |    14 |    26 |    30 ||    81
         Distracted        |       |     1 |     1 |     5 ||     7
         Invisible         |       |       |       |     1 ||     1
 Armour: Animal skin       |     7 |    13 |    51 |       ||    71
         Leather armour    |       |       |       |   133 ||   133
  Dodge: Dodged            |    77 |   101 |   340 |   564 ||  1082
